[ AOE2 MATCH · #484230157 ]
Team RMTeutons vs Jurchens
[ REPLAY ANALYSIS · EXTRACTED FROM THE RECORDED GAME ]
Feudal
15:52
Castle
25:31
Imperial
—
| APM avg | 31.8 |
| APM peak | 82 |
| eAPM avg | 14.7 |
| Villagers / military | 57 / 20 |
Focus
⚔️ 26.2% · 🌾 73.8%
Spearman ×6 · Knight ×4 · Militia ×3 · Archer ×3 · Scout Cavalry ×2 · Battering Ram ×1
Feudal
10:29
Castle
16:23
Imperial
—
| APM avg | 16.1 |
| APM peak | 47 |
| eAPM avg | 12.0 |
| Villagers / military | 61 / 23 |
Focus
⚔️ 31.2% · 🌾 68.8%
Militia ×20 · Spearman ×3
Feudal
13:15
Castle
20:31
Imperial
25:15
| APM avg | 18.6 |
| APM peak | 68 |
| eAPM avg | 10.6 |
| Villagers / military | 89 / 0 |
Focus
⚔️ 24.8% · 🌾 75.2%
Feudal
9:58
Castle
17:25
Imperial
—
| APM avg | 15.2 |
| APM peak | 56 |
| eAPM avg | 9.4 |
| Villagers / military | 63 / 12 |
Focus
⚔️ 11.8% · 🌾 88.2%
Steppe Lancer ×12 · Trade Cart ×5
Feudal
10:39
Castle
16:25
Imperial
—
| APM avg | 15.4 |
| APM peak | 56 |
| eAPM avg | 10.1 |
| Villagers / military | 56 / 8 |
Focus
⚔️ 12.9% · 🌾 87.1%
Spearman ×4 · Arambai ×4
Feudal
13:36
Castle
26:10
Imperial
—
| APM avg | 8.4 |
| APM peak | 20 |
| eAPM avg | 6.0 |
| Villagers / military | 41 / 21 |
Focus
⚔️ 23.6% · 🌾 76.4%
Militia ×16 · Chu Ko Nu ×5
Feudal
7:41
Castle
25:50
Imperial
—
| APM avg | 19.5 |
| APM peak | 46 |
| eAPM avg | 11.9 |
| Villagers / military | 47 / 17 |
Focus
⚔️ 40.2% · 🌾 59.8%
Spearman ×7 · Battering Ram ×6 · Militia ×4 · Trade Cart ×2
Feudal
14:55
Castle
—
Imperial
—
| APM avg | 15.9 |
| APM peak | 47 |
| eAPM avg | 6.3 |
| Villagers / military | 38 / 4 |
Focus
⚔️ 23.1% · 🌾 76.9%
Militia ×4
Match map
Resources at game start + every placement click. Thick line = wall · dashed box = detected house wall. 🟡 gold · ⚪ stone · 🟢 berries · 🔶 boar · ⭕ relic
Inputs per minute
— Twixxo - - even star
Build order — Twixxo
133 actions detected in the replay
| 0:02 | Create | Villager (Male) |
| 0:06 | Build | House |
| 0:13 | Research | Loom |
| 0:13 | Create | Villager (Male) |
| 0:33 | Build | House |
| 0:42 | Create | Villager (Male) |
| 0:58 | Create | Villager (Male) |
| 1:53 | Create | Villager (Male) |
| 2:15 | Create | Villager (Male) |
| 2:49 | Create | Villager (Male) |
| 2:54 | Build | House |
| 2:54 | Build | House |
| 2:57 | Create | Villager (Male) |
| 3:51 | Create | Villager (Male) |
| 4:15 | Create | Villager (Male) |
| 4:18 | Create | Villager (Male) |
| 4:39 | Create | Villager (Male) |
| 5:25 | Create | Villager (Male) |
| 5:26 | Create | Villager (Male) |
| 5:48 | Create | Villager (Male) |
| 6:20 | Create | Villager (Male) |
| 6:25 | Build | Mining Camp |
| 7:03 | Build | Mining Camp |
| 7:17 | Build | Lumber Camp |
| 7:57 | Create | Villager (Male) |
| 8:10 | Create | Villager (Male) |
| 8:22 | Build | Mill |
| 8:49 | Create | Villager (Male) |
| 9:44 | Create | Villager (Male) |
| 10:01 | Create | Villager (Male) |
| 10:47 | Build | House |
| 11:09 | Build | Farm |
| 11:17 | Build | Farm |
| 11:21 | Build | Farm |
| 11:37 | Build | Barracks |
| 12:53 | Create | Villager (Male) |
| 13:25 | Build | Farm |
| 13:43 | Research | Feudal Age |
| 13:58 | Create | Militia |
| 14:06 | Build | House |
| 14:07 | Build | House |
| 14:31 | Create | Militia |
| 14:34 | Create | Villager (Male) |
| 14:48 | Build | Farm |
| 14:56 | Create | Militia |
| 15:52 | Age | Feudal Age |
| 15:54 | Research | Wheelbarrow |
| 15:59 | Build | Archery Range |
| 16:04 | Research | Double-Bit Axe |
| 16:14 | Build | Watch Tower |
| 16:28 | Build | Mill |
| 16:30 | Create | Villager (Male) |
| 16:38 | Research | Man-at-Arms (upgrade) |
| 16:46 | Build | Farm |
| 16:48 | Build | Farm |
| 16:48 | Create | Archer |
| 17:01 | Create | Villager (Male) |
| 17:33 | Create | Villager (Male) |
| 17:51 | Build | Watch Tower |
| 17:54 | Create | Villager (Male) |
| 17:54 | Create | Archer |
| 18:13 | Create | Villager (Male) |
| 18:18 | Research | Horse Collar |
| 18:24 | Create | Villager (Male) |
| 18:48 | Build | Stable |
| 18:50 | Create | Archer |
| 19:56 | Create | Villager (Male) |
| 19:58 | Create | Villager (Male) |
| 20:05 | Build | House |
| 20:05 | Build | House |
| 20:08 | Create | Villager (Male) ×5 |
| 20:14 | Create | Spearman |
| 20:16 | Research | Bloodlines |
| 20:16 | Create | Villager (Male) |
| 20:17 | Create | Villager (Male) |
| 20:17 | Create | Villager (Male) |
| 22:35 | Build | Farm |
| 22:37 | Build | Farm |
| 22:43 | Build | Lumber Camp |
| 22:47 | Research | Castle Age |
| 22:59 | Build | Farm |
| 23:01 | Build | Farm |
| 23:03 | Build | Farm |
| 23:06 | Build | Blacksmith |
| 23:08 | Build | Farm |
| 23:14 | Build | House |
| 23:15 | Build | House |
| 23:19 | Create | Spearman |
| 23:41 | Create | Scout Cavalry |
| 23:44 | Research | Gold Mining |
| 23:49 | Build | Farm |
| 23:52 | Build | Farm |
| 24:22 | Create | Spearman |
| 25:29 | Build | House |
| 25:31 | Age | Castle Age |
| 25:33 | Create | Villager (Male) |
| 25:33 | Research | Hand Cart |
| 25:46 | Build | Siege Workshop |
| 25:54 | Research | Heavy Plow |
| 26:09 | Build | Market |
| 26:26 | Create | Scout Cavalry |
| 26:28 | Create | Battering Ram |
| 26:37 | Create | Villager (Male) |
| 26:59 | Build | Town Center |
| 27:08 | Build | Lumber Camp |
| 27:24 | Create | Knight |
| 27:26 | Create | Mangonel |
| 27:41 | Create | Spearman |
| 27:42 | Create | Knight |
| 27:44 | Create | Villager (Male) |
| 27:53 | Create | Villager (Male) |
| 27:53 | Create | Villager (Male) |
| 27:53 | Create | Villager (Male) |
| 27:53 | Create | Villager (Male) |
| 27:58 | Create | Villager (Male) |
| 28:06 | Build | House |
| 28:06 | Build | House |
| 28:15 | Create | Villager (Male) |
| 28:16 | Create | Villager (Male) |
| 28:22 | Create | Spearman |
| 28:22 | Create | Knight |
| 28:35 | Create | Villager (Male) |
| 28:41 | Build | Town Center |
| 28:56 | Create | Villager (Male) |
| 29:03 | Build | Farm |
| 30:09 | Create | Spearman |
| 30:10 | Create | Knight |
| 30:29 | Create | Villager (Male) |
| 30:29 | Create | Villager (Male) |
| 30:29 | Create | Villager (Male) |
| 30:30 | Create | Villager (Male) |
| 30:31 | Create | Villager (Male) |
| 30:31 | Create | Villager (Male) |
Build order — even star
139 actions detected in the replay
| 0:05 | Build | House |
| 0:07 | Build | House |
| 0:11 | Build | House |
| 0:12 | Research | Loom |
| 0:14 | Create | Villager (Male) ×4 |
| 2:03 | Create | Villager (Male) |
| 2:23 | Build | Lumber Camp |
| 2:28 | Create | Villager (Male) |
| 2:28 | Create | Villager (Male) |
| 3:07 | Create | Villager (Male) |
| 3:07 | Create | Villager (Male) |
| 3:26 | Create | Villager (Male) |
| 3:57 | Create | Villager (Male) |
| 4:14 | Create | Villager (Male) |
| 4:18 | Build | Mill |
| 4:42 | Create | Villager (Male) |
| 5:01 | Create | Villager (Male) |
| 5:34 | Create | Villager (Male) |
| 5:47 | Create | Villager (Male) |
| 6:34 | Create | Villager (Male) |
| 6:36 | Create | Villager (Male) |
| 6:43 | Build | House |
| 6:48 | Build | House |
| 7:16 | Create | Villager (Male) |
| 7:26 | Build | Mill |
| 7:42 | Build | Mining Camp |
| 7:49 | Create | Villager (Male) |
| 8:19 | Research | Feudal Age |
| 8:58 | Build | House |
| 9:02 | Build | House |
| 10:26 | Create | Villager (Male) |
| 10:27 | Create | Villager (Male) |
| 10:29 | Age | Feudal Age |
| 10:40 | Build | Blacksmith |
| 10:52 | Build | Market |
| 10:58 | Create | Villager (Male) |
| 11:41 | Create | Villager (Male) |
| 11:42 | Research | Double-Bit Axe |
| 12:17 | Research | Wheelbarrow |
| 12:25 | Build | Farm |
| 12:30 | Build | Farm |
| 12:46 | Build | Farm |
| 12:47 | Build | Farm |
| 12:51 | Build | Farm |
| 13:07 | Build | Farm |
| 13:35 | Build | Farm |
| 13:43 | Research | Castle Age |
| 14:01 | Build | Farm |
| 14:26 | Research | Horse Collar |
| 15:13 | Build | Mill |
| 15:51 | Create | Villager (Male) |
| 15:51 | Create | Villager (Male) |
| 16:20 | Build | Barracks |
| 16:23 | Age | Castle Age |
| 16:40 | Build | Farm |
| 16:41 | Build | Farm |
| 16:44 | Build | Farm |
| 16:47 | Build | Farm |
| 16:51 | Create | Villager (Male) |
| 16:52 | Create | Villager (Male) |
| 17:02 | Build | Farm |
| 17:12 | Build | House |
| 17:21 | Create | Villager (Male) |
| 18:01 | Build | Mining Camp |
| 18:04 | Create | Villager (Male) |
| 18:07 | Create | Villager (Male) |
| 18:07 | Create | Villager (Male) |
| 18:31 | Build | Barracks |
| 18:40 | Create | Villager (Male) |
| 18:40 | Create | Villager (Male) |
| 18:41 | Create | Villager (Male) |
| 18:45 | Build | House |
| 18:47 | Build | House |
| 18:49 | Build | House |
| 18:54 | Create | Villager (Male) |
| 18:55 | Create | Villager (Male) |
| 18:58 | Research | Arson |
| 18:58 | Research | Squires |
| 19:30 | Research | Pikeman (upgrade) |
| 19:32 | Research | Man-at-Arms (upgrade) |
| 19:44 | Create | Militia |
| 19:44 | Create | Militia |
| 19:46 | Create | Militia |
| 19:51 | Research | Forging |
| 19:51 | Research | Scale Mail Armor |
| 19:58 | Build | Barracks |
| 20:12 | Create | Villager (Male) |
| 20:13 | Create | Villager (Male) |
| 20:25 | Create | Militia |
| 20:25 | Create | Militia |
| 20:57 | Research | Long Swordsman (upgrade) |
| 21:13 | Create | Spearman |
| 21:15 | Create | Spearman |
| 21:24 | Create | Militia |
| 21:30 | Create | Militia |
| 21:47 | Create | Militia |
| 21:52 | Create | Spearman |
| 21:54 | Create | Militia |
| 21:57 | Create | Militia |
| 23:36 | Create | Militia ×5 |
| 23:36 | Create | Militia ×5 |
| 23:42 | Build | House |
| 23:43 | Build | House |
| 23:44 | Build | House |
| 23:44 | Build | House |
| 23:44 | Build | House |
| 23:45 | Build | House |
| 23:45 | Build | House |
| 23:46 | Build | House |
| 26:07 | Build | Town Center |
| 26:19 | Build | Town Center |
| 26:41 | Research | Hand Cart |
| 26:42 | Create | Villager (Male) ×5 |
| 27:45 | Create | Villager (Male) ×5 |
| 28:41 | Create | Villager (Male) |
| 28:42 | Create | Villager (Male) |
| 28:50 | Create | Villager (Male) ×5 |
| 28:55 | Research | Gold Mining |
| 28:57 | Research | Stone Mining |
| 29:02 | Research | Stone Mining |
| 29:14 | Build | Castle |
| 29:25 | Research | Chain Mail Armor |
| 29:25 | Research | Iron Casting |
| 29:27 | Research | Scale Barding Armor |
| 30:03 | Build | Farm |
| 30:03 | Build | Farm |
| 30:03 | Build | Farm |
| 30:05 | Build | Farm |
| 30:06 | Research | Heavy Plow |
| 30:10 | Research | Bow Saw |
| 30:15 | Create | Villager (Male) ×5 |
| 30:34 | Build | Farm |
| 30:34 | Build | Farm |
| 30:34 | Build | Farm |
| 30:34 | Build | Farm |
| 30:35 | Build | Farm |
| 30:35 | Build | Farm |
| 30:35 | Build | Farm |
| 30:37 | Build | Farm |
Build order — ElTuquita
114 actions detected in the replay
| 0:01 | Create | Villager (Male) ×4 |
| 0:03 | Build | House |
| 0:05 | Build | House |
| 1:48 | Create | Villager (Male) |
| 1:48 | Create | Villager (Male) |
| 2:16 | Create | Villager (Male) ×2 |
| 2:17 | Create | Villager (Male) ×2 |
| 2:29 | Build | Lumber Camp |
| 3:10 | Create | Villager (Male) ×2 |
| 3:10 | Create | Villager (Male) ×2 |
| 3:42 | Build | House |
| 3:44 | Build | House |
| 3:45 | Build | House |
| 3:45 | Build | House |
| 3:57 | Create | Villager (Male) ×3 |
| 4:16 | Build | House |
| 4:50 | Create | Villager (Male) |
| 4:53 | Create | Villager (Male) |
| 4:54 | Create | Villager (Male) |
| 5:04 | Build | Mill |
| 5:34 | Create | Villager (Male) |
| 6:19 | Create | Villager (Male) |
| 6:20 | Create | Villager (Male) ×3 |
| 6:28 | Build | Mill |
| 6:58 | Create | Villager (Male) |
| 7:18 | Create | Villager (Male) |
| 7:47 | Create | Villager (Male) ×5 |
| 9:34 | Create | Villager (Male) |
| 9:47 | Research | Feudal Age |
| 10:37 | Build | Mining Camp |
| 12:11 | Build | Farm |
| 12:12 | Build | Farm |
| 12:12 | Build | Farm |
| 12:12 | Build | Farm |
| 12:12 | Build | Farm |
| 12:13 | Build | Farm |
| 12:13 | Build | Farm |
| 12:14 | Build | Farm |
| 12:14 | Build | Farm |
| 12:14 | Build | Farm |
| 12:45 | Build | Lumber Camp |
| 13:15 | Age | Feudal Age |
| 13:18 | Create | Villager (Male) |
| 13:22 | Research | Loom |
| 13:24 | Build | House |
| 13:32 | Build | House |
| 13:35 | Build | House |
| 14:16 | Create | Villager (Male) ×5 |
| 14:52 | Build | House |
| 16:29 | Create | Villager (Male) |
| 16:35 | Build | Market |
| 16:38 | Build | Blacksmith |
| 16:46 | Create | Villager (Male) |
| 17:23 | Research | Wheelbarrow |
| 17:26 | Create | Villager (Male) |
| 17:33 | Research | Double-Bit Axe |
| 17:38 | Research | Castle Age |
| 17:57 | Build | Farm |
| 17:57 | Build | Farm |
| 17:58 | Build | Farm |
| 17:58 | Build | Farm |
| 18:03 | Research | Horse Collar |
| 18:10 | Research | Gold Mining |
| 18:19 | Build | Mining Camp |
| 20:14 | Create | Villager (Male) |
| 20:31 | Age | Castle Age |
| 20:34 | Build | Monastery |
| 20:37 | Build | University |
| 20:41 | Create | Villager (Male) |
| 20:53 | Build | Town Center |
| 21:04 | Build | Town Center |
| 21:15 | Build | Town Center |
| 21:19 | Create | Villager (Male) |
| 21:26 | Research | Bow Saw |
| 21:56 | Build | Town Center |
| 22:05 | Research | Imperial Age |
| 22:14 | Build | Mining Camp |
| 22:46 | Build | Mining Camp |
| 24:48 | Create | Villager (Male) |
| 24:48 | Create | Villager (Male) |
| 24:49 | Create | Villager (Male) |
| 24:53 | Research | Wheelbarrow |
| 25:15 | Age | Imperial Age |
| 27:07 | Create | Villager (Male) ×5 |
| 27:11 | Build | Farm |
| 27:11 | Build | Farm |
| 27:12 | Build | Farm |
| 27:14 | Build | Farm |
| 27:14 | Build | Farm |
| 27:15 | Build | Farm |
| 27:15 | Build | Farm |
| 27:18 | Build | Farm |
| 27:19 | Build | Farm |
| 27:19 | Build | Farm |
| 27:24 | Build | Farm |
| 27:24 | Build | Farm |
| 27:25 | Build | Farm |
| 27:25 | Build | Farm |
| 27:25 | Build | Farm |
| 27:28 | Research | Hand Cart |
| 27:29 | Create | Villager (Male) ×5 |
| 27:29 | Create | Villager (Male) ×4 |
| 27:30 | Create | Villager (Male) ×4 |
| 27:49 | Build | Castle |
| 29:04 | Build | Lumber Camp |
| 29:17 | Build | Castle |
| 29:21 | Create | Villager (Male) |
| 29:24 | Build | Farm |
| 29:26 | Create | Villager (Male) ×5 |
| 29:27 | Create | Villager (Male) ×5 |
| 29:27 | Create | Villager (Male) ×5 |
| 29:27 | Create | Villager (Male) ×5 |
| 29:36 | Create | Villager (Male) |
| 29:53 | Create | Villager (Male) |
Build order — Golden Boy
First 150 of 168 actions detected
| 0:02 | Build | House |
| 0:04 | Build | House |
| 0:06 | Build | House |
| 0:09 | Create | Villager (Male) |
| 0:09 | Create | Villager (Male) |
| 0:09 | Create | Villager (Male) |
| 0:10 | Create | Villager (Male) |
| 1:53 | Build | Mill |
| 1:54 | Create | Villager (Male) |
| 2:09 | Create | Villager (Male) |
| 2:31 | Create | Villager (Male) |
| 3:12 | Create | Villager (Male) |
| 3:13 | Create | Villager (Male) |
| 3:50 | Create | Villager (Male) |
| 3:50 | Create | Villager (Male) |
| 4:23 | Create | Villager (Male) |
| 4:24 | Create | Villager (Male) |
| 4:41 | Create | Villager (Male) |
| 5:00 | Create | Villager (Male) |
| 5:30 | Create | Villager (Male) |
| 6:38 | Build | Mining Camp |
| 6:52 | Build | Lumber Camp |
| 7:48 | Research | Feudal Age |
| 8:26 | Build | House |
| 8:27 | Build | House |
| 8:27 | Build | House |
| 9:26 | Create | Villager (Male) |
| 9:26 | Create | Villager (Male) |
| 9:26 | Create | Villager (Male) |
| 9:27 | Create | Villager (Male) |
| 9:27 | Create | Villager (Male) |
| 9:58 | Age | Feudal Age |
| 10:14 | Create | Villager (Male) |
| 10:19 | Research | Double-Bit Axe |
| 11:20 | Create | Villager (Male) |
| 11:41 | Create | Villager (Male) |
| 12:16 | Build | Market |
| 12:31 | Build | Mill |
| 13:08 | Build | Blacksmith |
| 14:14 | Build | House |
| 14:16 | Build | House |
| 14:45 | Research | Castle Age |
| 14:49 | Build | Barracks |
| 15:14 | Build | Farm |
| 15:15 | Build | Farm |
| 15:16 | Build | Farm |
| 15:32 | Build | Farm |
| 15:54 | Build | House |
| 15:55 | Build | House |
| 16:04 | Build | Stable |
| 16:23 | Build | Farm |
| 16:42 | Create | Villager (Male) |
| 16:42 | Create | Villager (Male) |
| 16:42 | Create | Villager (Male) |
| 16:42 | Create | Villager (Male) |
| 16:43 | Create | Villager (Male) |
| 17:00 | Build | Farm |
| 17:05 | Research | Horse Collar |
| 17:15 | Build | Stable |
| 17:25 | Age | Castle Age |
| 17:43 | Build | Town Center |
| 18:35 | Create | Steppe Lancer |
| 18:40 | Create | Steppe Lancer |
| 18:47 | Build | House |
| 18:48 | Build | House |
| 19:07 | Create | Steppe Lancer |
| 19:11 | Research | Husbandry |
| 19:19 | Build | House |
| 19:20 | Build | House |
| 19:33 | Create | Villager (Male) |
| 19:33 | Create | Villager (Male) |
| 19:33 | Create | Villager (Male) |
| 19:34 | Create | Villager (Male) |
| 20:01 | Build | Farm |
| 20:04 | Build | Farm |
| 20:17 | Create | Steppe Lancer |
| 20:47 | Build | Farm |
| 20:49 | Build | Farm |
| 21:00 | Create | Villager (Male) |
| 21:01 | Create | Villager (Male) |
| 21:01 | Create | Villager (Male) |
| 21:11 | Build | House |
| 21:13 | Build | House |
| 21:15 | Build | House |
| 21:32 | Research | Heavy Plow |
| 21:36 | Build | Farm |
| 21:37 | Build | Farm |
| 22:10 | Build | Farm |
| 22:18 | Create | Villager (Male) |
| 22:18 | Create | Villager (Male) |
| 22:25 | Build | House |
| 22:28 | Build | House |
| 22:30 | Build | House |
| 22:31 | Build | House |
| 22:32 | Build | House |
| 22:34 | Build | House |
| 22:45 | Build | Farm |
| 22:49 | Build | Farm |
| 22:58 | Create | Villager (Male) |
| 22:58 | Create | Villager (Male) |
| 22:58 | Create | Villager (Male) |
| 22:59 | Create | Villager (Male) |
| 23:04 | Create | Villager (Male) |
| 23:20 | Create | Steppe Lancer |
| 23:55 | Research | Gold Mining |
| 24:06 | Create | Villager (Male) |
| 24:07 | Create | Villager (Male) |
| 24:18 | Create | Villager (Male) |
| 24:31 | Create | Villager (Male) |
| 24:42 | Build | Mill |
| 24:48 | Build | Farm |
| 24:51 | Build | Farm |
| 25:04 | Build | Farm |
| 25:07 | Build | Farm |
| 25:15 | Create | Villager (Male) |
| 25:17 | Create | Villager (Male) |
| 25:17 | Create | Villager (Male) |
| 25:18 | Create | Villager (Male) |
| 25:39 | Build | Stable |
| 25:40 | Build | Stable |
| 25:41 | Build | Stable |
| 25:44 | Build | Stable |
| 25:56 | Build | Farm |
| 26:02 | Create | Villager (Male) |
| 26:02 | Create | Villager (Male) |
| 26:03 | Create | Villager (Male) |
| 26:12 | Research | Gold Shaft Mining |
| 26:26 | Create | Trade Cart |
| 26:27 | Create | Trade Cart |
| 26:28 | Create | Trade Cart |
| 26:29 | Create | Trade Cart |
| 26:29 | Create | Trade Cart |
| 26:48 | Create | Steppe Lancer |
| 26:53 | Research | Bloodlines |
| 27:21 | Create | Villager (Male) |
| 27:21 | Create | Villager (Male) |
| 27:21 | Create | Villager (Male) |
| 27:21 | Create | Villager (Male) |
| 27:33 | Research | Wheelbarrow |
| 28:01 | Create | Steppe Lancer |
| 28:02 | Create | Steppe Lancer |
| 28:25 | Build | House |
| 28:26 | Build | House |
| 28:36 | Build | House |
| 28:37 | Build | House |
| 28:43 | Build | House |
| 28:45 | Build | House |
| 28:47 | Build | House |
| 28:49 | Build | House |
| 28:56 | Build | House |
Build order — 17
115 actions detected in the replay
| 0:02 | Create | Villager (Male) |
| 0:02 | Create | Villager (Male) |
| 0:02 | Create | Villager (Male) |
| 0:02 | Create | Villager (Male) |
| 0:04 | Build | House |
| 0:07 | Build | House |
| 1:42 | Create | Villager (Male) |
| 1:55 | Build | Lumber Camp |
| 1:57 | Create | Villager (Male) |
| 2:13 | Create | Villager (Male) |
| 2:54 | Create | Villager (Male) |
| 3:16 | Create | Villager (Male) |
| 3:27 | Build | House |
| 3:29 | Build | House |
| 3:32 | Build | House |
| 3:48 | Create | Villager (Male) |
| 4:20 | Create | Villager (Male) |
| 5:00 | Create | Villager (Male) |
| 5:01 | Create | Villager (Male) |
| 5:01 | Create | Villager (Male) |
| 5:38 | Build | Mill |
| 5:40 | Create | Villager (Male) |
| 6:23 | Create | Villager (Male) |
| 6:24 | Create | Villager (Male) |
| 6:36 | Create | Villager (Male) |
| 6:55 | Create | Villager (Male) |
| 6:55 | Create | Villager (Male) |
| 7:04 | Create | Villager (Male) |
| 7:04 | Create | Villager (Male) |
| 7:04 | Create | Villager (Male) |
| 7:53 | Create | Villager (Male) |
| 8:15 | Research | Feudal Age |
| 10:28 | Create | Villager (Male) |
| 10:29 | Create | Villager (Male) |
| 10:39 | Age | Feudal Age |
| 11:12 | Build | Mining Camp |
| 11:14 | Create | Villager (Male) |
| 11:28 | Build | Market |
| 11:33 | Create | Villager (Male) |
| 12:24 | Create | Villager (Male) |
| 12:56 | Build | Mining Camp |
| 13:01 | Create | Villager (Male) |
| 13:03 | Build | Farm |
| 13:05 | Build | Farm |
| 13:14 | Build | Blacksmith |
| 13:28 | Create | Villager (Male) |
| 13:44 | Research | Castle Age |
| 13:50 | Build | Farm |
| 14:31 | Build | House |
| 14:32 | Build | House |
| 14:33 | Build | House |
| 14:43 | Research | Horse Collar |
| 15:03 | Research | Stone Mining |
| 15:04 | Create | Villager (Male) |
| 16:21 | Build | Barracks |
| 16:25 | Age | Castle Age |
| 16:47 | Build | Castle |
| 16:55 | Build | Farm |
| 16:56 | Create | Villager (Male) |
| 16:57 | Create | Villager (Male) |
| 17:07 | Build | House |
| 17:31 | Build | House |
| 17:47 | Create | Villager (Male) |
| 17:49 | Create | Villager (Male) |
| 17:50 | Create | Villager (Male) |
| 17:52 | Build | Farm |
| 17:55 | Build | Farm |
| 18:02 | Build | House |
| 18:03 | Build | House |
| 18:04 | Build | House |
| 18:19 | Build | Farm |
| 18:20 | Create | Villager (Male) |
| 18:46 | Build | Farm |
| 18:48 | Create | Villager (Male) |
| 19:12 | Build | Barracks |
| 19:15 | Build | Farm |
| 19:17 | Create | Villager (Male) |
| 19:31 | Build | Farm |
| 19:34 | Create | Villager (Male) |
| 19:58 | Build | Farm |
| 20:08 | Research | Fletching |
| 20:14 | Build | Farm |
| 20:20 | Create | Villager (Male) |
| 20:28 | Build | Town Center |
| 20:32 | Build | Farm |
| 20:36 | Create | Villager (Male) |
| 20:54 | Create | Villager (Male) |
| 20:54 | Create | Villager (Male) |
| 21:25 | Create | Spearman |
| 21:25 | Create | Spearman |
| 21:33 | Build | House |
| 21:42 | Create | Spearman |
| 21:42 | Create | Spearman |
| 21:54 | Build | House |
| 21:57 | Build | House |
| 22:29 | Build | Castle |
| 22:53 | Create | Arambai |
| 22:53 | Create | Arambai |
| 22:54 | Create | Arambai |
| 22:54 | Create | Arambai |
| 23:29 | Research | Loom |
| 23:37 | Create | Villager (Male) |
| 23:38 | Create | Villager (Male) |
| 23:38 | Create | Villager (Male) |
| 25:06 | Create | Villager (Male) |
| 25:06 | Create | Villager (Male) |
| 25:06 | Create | Villager (Male) |
| 25:07 | Create | Villager (Male) |
| 25:07 | Create | Villager (Male) |
| 26:06 | Research | Wheelbarrow |
| 27:51 | Build | Town Center |
| 29:36 | Create | Villager (Male) |
| 29:36 | Create | Villager (Male) |
| 29:37 | Create | Villager (Male) |
| 30:11 | Build | Mill |
Build order — RichiGamers
112 actions detected in the replay
| 0:17 | Build | House |
| 0:19 | Research | Loom |
| 0:41 | Build | House |
| 0:41 | Build | House |
| 0:42 | Build | House |
| 0:43 | Build | House |
| 1:14 | Create | Villager (Male) |
| 1:14 | Create | Villager (Male) |
| 1:56 | Create | Villager (Male) |
| 1:56 | Create | Villager (Male) |
| 2:53 | Create | Villager (Male) |
| 2:53 | Create | Villager (Male) |
| 4:08 | Create | Villager (Male) |
| 4:09 | Create | Villager (Male) |
| 4:09 | Create | Villager (Male) |
| 4:09 | Create | Villager (Male) |
| 4:52 | Create | Villager (Male) |
| 4:52 | Create | Villager (Male) |
| 5:11 | Create | Villager (Male) |
| 5:11 | Create | Villager (Male) |
| 5:29 | Create | Villager (Male) |
| 5:57 | Create | Villager (Male) |
| 5:58 | Create | Villager (Male) |
| 6:55 | Create | Villager (Male) |
| 6:55 | Create | Villager (Male) |
| 6:55 | Create | Villager (Male) |
| 8:26 | Create | Villager (Male) |
| 8:26 | Create | Villager (Male) |
| 8:26 | Create | Villager (Male) |
| 8:27 | Create | Villager (Male) |
| 9:19 | Build | Mining Camp |
| 9:49 | Build | Lumber Camp |
| 9:53 | Create | Villager (Male) |
| 10:42 | Build | Mill |
| 11:26 | Research | Feudal Age |
| 13:02 | Create | Villager (Male) |
| 13:02 | Create | Villager (Male) |
| 13:03 | Create | Villager (Male) |
| 13:28 | Create | Villager (Male) |
| 13:28 | Create | Villager (Male) |
| 13:36 | Age | Feudal Age |
| 14:35 | Build | Mining Camp |
| 15:25 | Create | Villager (Male) |
| 15:25 | Create | Villager (Male) |
| 15:25 | Create | Villager (Male) |
| 15:26 | Create | Villager (Male) |
| 15:26 | Create | Villager (Male) |
| 16:02 | Build | Farm |
| 16:06 | Build | Farm |
| 16:40 | Build | Farm |
| 16:59 | Build | Farm |
| 17:12 | Build | Farm |
| 17:49 | Build | Barracks |
| 17:55 | Create | Villager (Male) |
| 17:57 | Create | Villager (Male) |
| 19:03 | Build | House |
| 19:05 | Build | House |
| 19:06 | Build | House |
| 19:07 | Build | House |
| 19:08 | Build | House |
| 19:24 | Build | Watch Tower |
| 19:44 | Build | Farm |
| 19:52 | Build | Farm |
| 19:53 | Build | Farm |
| 19:54 | Build | Farm |
| 19:59 | Build | Farm |
| 20:05 | Build | Farm |
| 20:08 | Create | Villager (Male) |
| 20:08 | Create | Villager (Male) |
| 20:41 | Build | Market |
| 21:01 | Build | Market |
| 21:21 | Create | Militia |
| 21:22 | Create | Militia |
| 21:23 | Create | Militia |
| 21:23 | Research | Man-at-Arms (upgrade) |
| 21:31 | Build | Blacksmith |
| 22:34 | Build | Stable |
| 22:46 | Build | Barracks |
| 23:10 | Create | Militia |
| 23:11 | Create | Militia |
| 23:30 | Research | Castle Age |
| 23:30 | Research | Castle Age |
| 23:47 | Create | Militia |
| 23:47 | Create | Militia |
| 23:47 | Create | Militia |
| 23:49 | Create | Militia |
| 25:00 | Create | Villager (Male) |
| 25:00 | Create | Villager (Male) |
| 25:12 | Build | Archery Range |
| 25:18 | Build | Barracks |
| 25:46 | Create | Militia |
| 25:47 | Create | Militia |
| 25:47 | Create | Militia |
| 25:47 | Create | Militia |
| 26:10 | Age | Castle Age |
| 26:13 | Build | Castle |
| 26:22 | Create | Militia |
| 26:23 | Create | Militia |
| 26:23 | Create | Militia |
| 27:15 | Build | University |
| 27:20 | Research | Fletching |
| 28:09 | Build | Castle |
| 28:27 | Research | Murder Holes |
| 28:29 | Research | Tech 909 |
| 29:04 | Build | Town Center |
| 29:16 | Create | Chu Ko Nu |
| 29:17 | Create | Chu Ko Nu |
| 29:19 | Create | Chu Ko Nu |
| 29:20 | Create | Chu Ko Nu |
| 29:21 | Create | Chu Ko Nu |
| 29:24 | Research | Bodkin Arrow |
| 30:09 | Build | Stable |
Build order — VivaPeron
131 actions detected in the replay
| 0:01 | Create | Villager (Male) |
| 0:01 | Create | Villager (Male) |
| 0:03 | Build | House |
| 0:04 | Build | House |
| 0:32 | Create | Villager (Male) |
| 0:32 | Research | Loom |
| 0:33 | Create | Villager (Male) |
| 1:57 | Create | Villager (Male) |
| 1:58 | Create | Villager (Male) |
| 2:00 | Create | Villager (Male) |
| 2:00 | Create | Villager (Male) |
| 2:26 | Create | Villager (Male) |
| 2:26 | Create | Villager (Male) |
| 2:35 | Create | Villager (Male) |
| 3:44 | Build | Mill |
| 5:00 | Build | Lumber Camp |
| 5:31 | Research | Feudal Age |
| 7:41 | Age | Feudal Age |
| 7:42 | Research | Wheelbarrow |
| 7:50 | Build | House |
| 8:00 | Build | Watch Tower |
| 8:04 | Build | House |
| 8:17 | Research | Double-Bit Axe |
| 8:35 | Create | Villager (Male) |
| 9:20 | Create | Villager (Male) |
| 9:27 | Build | Mining Camp |
| 9:51 | Build | Blacksmith |
| 9:59 | Create | Villager (Male) |
| 9:59 | Create | Villager (Male) |
| 10:34 | Create | Villager (Male) |
| 11:13 | Create | Villager (Male) |
| 11:21 | Create | Villager (Male) |
| 11:34 | Build | Siege Workshop |
| 11:39 | Create | Villager (Male) |
| 12:11 | Build | Mining Camp |
| 12:35 | Create | Villager (Male) |
| 12:36 | Create | Villager (Male) |
| 12:53 | Build | Watch Tower |
| 12:56 | Research | Fletching |
| 13:21 | Create | Villager (Male) |
| 13:21 | Create | Villager (Male) |
| 13:30 | Build | House |
| 13:32 | Build | House |
| 13:41 | Create | Villager (Male) |
| 13:41 | Create | Villager (Male) |
| 13:51 | Build | Farm |
| 14:21 | Build | House |
| 14:22 | Build | House |
| 14:33 | Create | Battering Ram |
| 14:58 | Create | Villager (Male) |
| 14:58 | Create | Villager (Male) |
| 15:06 | Build | Farm |
| 15:16 | Build | Farm |
| 15:27 | Build | Watch Tower |
| 15:32 | Build | House |
| 15:35 | Build | House |
| 15:38 | Create | Villager (Male) |
| 15:38 | Create | Villager (Male) |
| 15:54 | Build | Palisade Wall |
| 16:14 | Create | Villager (Male) |
| 16:15 | Create | Villager (Male) |
| 16:24 | Build | Farm |
| 16:26 | Create | Villager (Male) |
| 16:26 | Create | Villager (Male) |
| 16:26 | Create | Villager (Male) |
| 17:10 | Build | Barracks |
| 17:41 | Create | Battering Ram |
| 17:49 | Build | House |
| 17:58 | Create | Villager (Male) |
| 17:58 | Create | Villager (Male) |
| 18:04 | Build | Farm |
| 18:12 | Build | Farm |
| 18:47 | Build | Watch Tower |
| 18:54 | Build | House |
| 19:02 | Create | Spearman |
| 19:02 | Create | Spearman |
| 19:11 | Build | Farm |
| 19:17 | Build | Farm |
| 19:27 | Build | Farm |
| 19:49 | Build | Farm |
| 20:32 | Build | Lumber Camp |
| 21:44 | Create | Battering Ram |
| 21:48 | Research | Man-at-Arms (upgrade) |
| 21:50 | Create | Spearman |
| 23:07 | Build | Market |
| 23:10 | Research | Castle Age |
| 23:21 | Create | Battering Ram |
| 23:46 | Create | Militia |
| 23:47 | Create | Spearman |
| 24:56 | Research | Forging |
| 25:06 | Build | Lumber Camp |
| 25:18 | Create | Battering Ram |
| 25:46 | Build | Farm |
| 25:50 | Age | Castle Age |
| 25:55 | Research | Capped Ram (upgrade) |
| 26:30 | Research | Squires |
| 26:49 | Create | Battering Ram |
| 27:03 | Create | Militia |
| 27:03 | Create | Spearman |
| 27:17 | Create | Villager (Male) |
| 27:29 | Build | Lumber Camp |
| 27:51 | Create | Militia |
| 27:51 | Create | Spearman |
| 27:52 | Create | Militia |
| 27:52 | Create | Spearman |
| 28:30 | Build | Farm |
| 28:32 | Create | Villager (Male) |
| 28:32 | Create | Villager (Male) |
| 28:33 | Create | Villager (Male) |
| 28:42 | Build | House |
| 28:43 | Build | House |
| 28:44 | Build | House |
| 28:46 | Build | House |
| 28:46 | Build | House |
| 28:46 | Build | House |
| 28:47 | Build | House |
| 28:47 | Build | House |
| 28:47 | Build | House |
| 28:48 | Build | House |
| 29:38 | Create | Villager (Male) |
| 29:39 | Create | Villager (Male) |
| 29:39 | Create | Villager (Male) |
| 29:39 | Create | Villager (Male) |
| 29:40 | Create | Villager (Male) |
| 29:50 | Create | Trade Cart |
| 29:54 | Create | Trade Cart |
| 30:08 | Create | Villager (Male) |
| 30:09 | Create | Villager (Male) |
| 30:19 | Build | House |
| 30:20 | Build | House |
| 30:21 | Build | House |
Build order — León XIV
112 actions detected in the replay
| 0:19 | Research | Loom |
| 0:21 | Create | Villager (Male) |
| 0:21 | Create | Villager (Male) |
| 0:21 | Create | Villager (Male) |
| 0:21 | Create | Villager (Male) |
| 0:42 | Build | House |
| 0:44 | Build | House |
| 0:46 | Build | House |
| 3:02 | Build | Palisade Wall |
| 3:12 | Build | Palisade Wall |
| 3:39 | Create | Villager (Male) |
| 3:39 | Create | Villager (Male) |
| 3:39 | Create | Villager (Male) |
| 3:58 | Build | Palisade Wall |
| 4:15 | Create | Villager (Male) |
| 4:15 | Create | Villager (Male) |
| 4:15 | Create | Villager (Male) |
| 5:04 | Create | Villager (Male) |
| 5:04 | Create | Villager (Male) |
| 5:24 | Build | Palisade Wall |
| 6:20 | Create | Villager (Male) |
| 6:21 | Create | Villager (Male) |
| 6:21 | Create | Villager (Male) |
| 7:56 | Create | Villager (Male) |
| 7:56 | Create | Villager (Male) |
| 8:11 | Build | Palisade Wall |
| 8:23 | Create | Villager (Male) |
| 8:23 | Create | Villager (Male) |
| 8:57 | Build | House |
| 8:59 | Build | House |
| 9:48 | Build | Palisade Wall |
| 10:07 | Build | Lumber Camp |
| 10:13 | Create | Villager (Male) |
| 10:13 | Create | Villager (Male) |
| 11:05 | Build | Palisade Wall |
| 11:34 | Build | Palisade Wall |
| 11:42 | Create | Villager (Male) |
| 12:18 | Build | Mill |
| 12:35 | Build | Palisade Wall |
| 12:45 | Research | Feudal Age |
| 13:11 | Build | Palisade Wall |
| 14:55 | Age | Feudal Age |
| 16:01 | Build | Stone Wall |
| 16:28 | Research | Double-Bit Axe |
| 16:53 | Build | Market |
| 17:14 | Build | Stone Wall |
| 17:27 | Build | Stone Wall |
| 17:49 | Build | Stone Wall |
| 18:11 | Create | Villager (Male) |
| 18:12 | Create | Villager (Male) |
| 18:12 | Create | Villager (Male) |
| 18:13 | Create | Villager (Male) |
| 18:30 | Build | Stone Wall |
| 18:46 | Build | Mining Camp |
| 18:51 | Build | Blacksmith |
| 18:54 | Create | Villager (Male) |
| 19:07 | Build | House |
| 19:08 | Build | House |
| 19:40 | Build | Barracks |
| 19:41 | Build | Barracks |
| 20:00 | Build | Farm |
| 20:01 | Build | Farm |
| 20:02 | Build | Farm |
| 20:03 | Build | Farm |
| 20:04 | Build | Farm |
| 20:06 | Build | Farm |
| 20:16 | Build | Farm |
| 20:19 | Create | Villager (Male) |
| 20:19 | Create | Villager (Male) |
| 20:20 | Create | Villager (Male) |
| 20:25 | Build | Mining Camp |
| 20:35 | Build | Mining Camp |
| 20:42 | Research | Man-at-Arms (upgrade) |
| 20:48 | Research | Scale Mail Armor |
| 20:57 | Build | Farm |
| 21:33 | Build | Farm |
| 22:00 | Build | Farm |
| 22:01 | Create | Villager (Male) |
| 22:15 | Create | Militia |
| 22:15 | Create | Militia |
| 22:35 | Build | Farm |
| 22:37 | Create | Villager (Male) |
| 22:47 | Research | Stone Mining |
| 23:07 | Create | Militia |
| 23:07 | Create | Militia |
| 23:18 | Build | Farm |
| 23:20 | Create | Villager (Male) |
| 24:34 | Build | Farm |
| 24:59 | Create | Villager (Male) |
| 24:59 | Create | Villager (Male) |
| 25:42 | Build | Stone Wall |
| 26:18 | Create | Villager (Male) |
| 26:18 | Create | Villager (Male) |
| 26:20 | Build | Farm |
| 26:23 | Build | Farm |
| 27:04 | Build | Farm |
| 27:07 | Create | Villager (Male) |
| 27:13 | Build | House |
| 27:14 | Build | House |
| 27:15 | Build | House |
| 27:27 | Build | Stone Wall |
| 27:44 | Build | Farm |
| 28:17 | Build | Barracks |
| 28:20 | Build | Barracks |
| 28:24 | Build | Barracks |
| 28:32 | Build | Barracks |
| 28:41 | Build | House |
| 28:42 | Build | House |
| 29:13 | Research | Castle Age |
| 30:04 | Build | Stable |
| 30:06 | Build | Stable |
| 30:07 | Build | Stable |
Match timeline
| 3:02 | León XIV · wall_segment Palisade Wall x6 |
| 3:12 | León XIV · wall_segment Palisade Wall x4 |
| 3:58 | León XIV · wall_segment Palisade Wall x13 |
| 5:24 | León XIV · wall_segment Palisade Wall x12 |
| 7:41 | VivaPeron · age_up feudal |
| 8:11 | León XIV · wall_segment Palisade Wall x9 |
| 9:48 | León XIV · wall_segment Palisade Wall x7 |
| 9:58 | Golden Boy · age_up feudal |
| 10:29 | even star · age_up feudal |
| 10:39 | 17 · age_up feudal |
| 11:05 | León XIV · wall_segment Palisade Wall x6 |
| 11:34 | VivaPeron · first_building Siege Workshop |
| 11:34 | León XIV · wall_segment Palisade Wall x8 |
| 11:37 | Twixxo · first_building Barracks |
| 12:35 | León XIV · wall_segment Palisade Wall x8 |
| 13:11 | León XIV · wall_segment Palisade Wall x3 |
| 13:15 | ElTuquita · age_up feudal |
| 13:24 | Golden Boy · first_market_buy 100 food |
| 13:36 | RichiGamers · age_up feudal |
| 14:49 | Golden Boy · first_building Barracks |
| 14:55 | León XIV · age_up feudal |
| 15:52 | Twixxo · age_up feudal |
| 15:54 | VivaPeron · wall_segment Palisade Wall x1 |
| 15:59 | Twixxo · first_building Archery Range |
| 16:01 | León XIV · wall_segment Stone Wall x12 |
| 16:04 | Golden Boy · first_building Stable |
| 16:20 | even star · first_building Barracks |
| 16:21 | 17 · first_building Barracks |
| 16:23 | even star · age_up castle |
| 16:25 | 17 · age_up castle |
| 16:37 | 17 · first_market_buy 100 stone |
| 16:47 | 17 · first_building Castle |
| 17:10 | VivaPeron · first_building Barracks |
| 17:14 | León XIV · wall_segment Stone Wall x9 |
| 17:25 | Golden Boy · age_up castle |
| 17:27 | León XIV · wall_segment Stone Wall x5 |
| 17:49 | RichiGamers · first_building Barracks |
| 17:49 | León XIV · wall_segment Stone Wall x14 |
| 18:30 | León XIV · wall_segment Stone Wall x7 |
| 18:48 | Twixxo · first_building Stable |
| 19:40 | León XIV · first_building Barracks |
| 20:31 | ElTuquita · age_up castle |
| 20:34 | ElTuquita · first_building Monastery |
| 21:07 | ElTuquita · first_market_buy 100 stone |
| 22:12 | 17 · first_market_sell 100 wood |
| 22:34 | RichiGamers · first_building Stable |
| 25:12 | RichiGamers · first_building Archery Range |
| 25:15 | ElTuquita · age_up imperial |
| 25:31 | Twixxo · age_up castle |
| 25:42 | León XIV · wall_segment Stone Wall x8 |
| 25:46 | Twixxo · first_building Siege Workshop |
| 25:50 | VivaPeron · age_up castle |
| 26:10 | RichiGamers · age_up castle |
| 26:13 | RichiGamers · first_building Castle |
| 26:44 | Twixxo · first_market_sell 100 stone |
| 26:44 | Twixxo · first_market_buy 100 wood |
| 27:27 | León XIV · wall_segment Stone Wall x10 |
| 27:49 | ElTuquita · first_building Castle |
| 28:02 | RichiGamers · first_market_buy 100 stone |
| 29:14 | even star · first_building Castle |
| 30:04 | León XIV · first_building Stable |
| 30:22 | ElTuquita · resign |
[ AI ANALYSIS · 1 CREDIT ]
What really happened in this match?
Wolo.gg analyzes every decision: build order, eco, micro, common mistakes by bracket. Personalized analysis on WhatsApp or Discord in 30 seconds.
Civ guide
Teutons
Map guide
Arena
Perfil
Twixxo